 Dungeon Crawl Stone Soup version 0.28-a0-751-gef3a642a4e (webtiles) character file.

Game seed: 1691397377113611174

11 lawman0 the Magician (level 2, 20/22 HPs)
             Began as a Djinni Summoner on Oct 31, 2021.
             Was a Follower of Okawaru.
             Quit the game on level 1 of the Dungeon.
             The game lasted 00:00:55 (783 turns).

lawman0 the Magician (Djinni Summoner)               Turns: 783, Time: 00:00:56

Health: 20/22      AC:  2    Str:  7    XL:     2   Next: 40%
Gold:   30         EV: 12    Int: 16    God:    Okawaru [*.....] SH:  0 Dex: 13

rFire   + + .      SeeInvis .   b - +0 mace
rCold   x . .      Faith    .   (no shield)
rNeg    . . .      Spirit   .   a - +0 robe
rPois   ∞          Reflect  .   (no helmet)
rElec   .          Harm     .   (no cloak)
rCorr   .          Rampage  .   (no gloves)
Will    .....                   (boots unavailable)
Stlth   ++........              (no amulet)
HPRegen 0.07/turn               (no ring)
MPRegen 0.00/turn               (no ring)

@: flying
A: sickness immunity, fire resistance 2, cold vulnerability 1, float, innate
caster, hp casting, extra vitality 1
a: Renounce Religion, Heroism


You were on level 1 of the Dungeon.
You worshipped Okawaru.
Okawaru was aware of your devotion.
You visited 1 branch of the dungeon, and saw 1 of its levels.

You collected 30 gold pieces.

Inventory:

Hand Weapons
 b - a +0 mace (weapon)
Armour
 a - a +0 robe (worn)
Scrolls
 e - 3 scrolls of identify {unknown}
 g - a scroll of enchant armour {unknown}
Potions
 c - 2 potions of might {unknown}
 d - 2 potions of ambrosia {unknown}
 f - a potion of heal wounds {unknown}


   Skills:
 * Level 1.0 Fighting
 + Level 2.2 Dodging
 + Level 1.5 Stealth
 * Level 3.5 Spellcasting


You couldn't memorise any spells.
You knew the following spells:

 Your Spells              Type           Power      Damage    Failure   Level
a - Summon Small Mammal   Summ           56%        N/A       4%          1
b - Call Imp              Summ           14%        N/A       6%          2
c - Call Canine Familiar  Summ           14%        N/A       12%         3
d - Summon Guardian Gole  Hex/Summ       14%        N/A       12%         3
e - Summon Lightning Spi  Summ/Air       14%        N/A       38%         4
Your spell library was empty.

Dungeon Overview and Level Annotations

Branches:
Dungeon (1/15)

Altars:
Okawaru


Innate Abilities, Weirdness & Mutations

You are immune to sickness and miasma.
You are immune to poison.
Your flesh is very heat resistant. (rF++)
You are vulnerable to cold. (rC-)
You float through the air rather than walking.
You learn spells naturally, not from books.
Your magical power is your life essence.
You have superior vitality. (+4 HP)


Message History

Your crimson imp disappears in a puff of smoke!
Found a chain mail.
You see here a +0 scale mail.
You now have 30 gold pieces (gained 7).
A bat comes into view.
A bat is nearby!
A bat is nearby!
A bat is nearby!
Found a faded altar of an unknown god.
Casting: Call Imp (safe; 6% risk of failure)
Confirm with . or Enter, or press ? or * to list all spells.
A shadowy apparition takes form in the air.
The bat barely misses you. The bat hits you but does no damage.
The bat hits you but does no damage. The bat misses you. The bat misses you.
You barely miss the bat.
The bat barely misses you. x2; The bat hits you.
Your shadow imp barely misses the bat.
The bat hits the withered plant.
You hit the bat but do no damage. The bat barely misses you.
The bat hits your shadow imp but does no damage.
The bat barely misses your shadow imp.
Your shadow imp hits the bat.
The bat dies!
No target in view!
No target in view!
You hit the withered plant but do no damage.
You swap places.
Your shadow imp hits the withered plant.
The withered plant begins to crumble.
Your shadow imp hits the withered plant.
Your shadow imp hits the withered plant.
Your shadow imp hits the withered plant.
There is a faded altar of an unknown god here.
You cannot tell which god this altar belongs to.
Convert to them anyway? [Y]es or [N]o only, please.
You cannot tell which god this altar belongs to.
Convert to them anyway?
Okawaru accepts your prayer! Okawaru welcomes you!
Your summoned allies are dismissed!
You can now gain great but temporary skills.
Your shadow imp disappears in a puff of smoke!
Are you sure you want to abandon this character and quit the game? (Confirm with "yes".)

##.## #.# #.#
##### ## #####.#
... ..# ......#
###.## #.#
#######
##.PP.###.#
#.P.♣..##.#
♣...P##.# ####.
♣@P.P##.###.#
..[..
#....♣§........#
#####
#...PP...#.#####
### ##########.#
..# #.# #.# #.#
#.# #######.#
#.# #.......#
#.##########
#.#######


There were no monsters in sight!

Vanquished Creatures
  A giant cockroach (D:1)
  A goblin (D:1)
  2 kobolds (D:1)
  2 quokkas (D:1)
  A ball python (D:1)
  A bat (D:1)
  A frilled lizard (D:1)
9 creatures vanquished.

Vanquished Creatures (collateral kills)
  A bat (D:1)
  A frilled lizard (D:1)
  A kobold (D:1)
3 creatures vanquished.

Grand Total: 12 creatures vanquished

Notes
Turn   | Place    | Note
-------+----------+-------------------------------------------
     0 | D:1      | lawman0 the Djinni Summoner began the quest for the Orb.
     0 | D:1      | Reached XP level 1. HP: 15/15 MP: 0/0
   261 | D:1      | Reached XP level 2. HP: 16/22 MP: 0/0
   386 | D:1      | Reached skill level 1 in Fighting
   769 | D:1      | Found a faded altar of an unknown god.
   782 | D:1      | Prayed at the altar of an unknown god.
   782 | D:1      | Became a worshipper of Warmaster Okawaru
   782 | D:1      | Reached * piety under Okawaru
   783 | D:1      | Quit the game

Illustrated notes

Levels and vault maps discovered:
D:1:      dpeg_arrival_rooms_with_view, layout_loops_ring,
          ebering_ecumenical_altar_petrified, supply_closet_lemuel,
          minmay_unequal

Skill      XL: |  1  2 |
---------------+-------+-----
Fighting       | 1 |  1.0
Dodging        | |  2.2
Stealth        | |  1.5
Spellcasting   | |  3.5

Action                   || total
-------------------------++-------
Melee: Mace              ||    31
 Cast: Summon Small Mamm ||     6
       Call Imp          ||     2
 Stab: Distracted        ||     1
Armor: Robe              ||     9
Dodge: Dodged            ||    29

Table legend: (Time is in decaauts)
 A = Elapsed time spent in this place.
 B = Non-inter-level travel time spent in this place.
 C = Inter-level travel time spent in this place.
 D = Time resting spent in this place.
 E = Time spent auto-exploring this place.
 F = Levels seen in this place.
 G = Mean time per level.
                   A        B        C        D        E       F      G
               +--------+--------+--------+--------+--------+-----+--------+
         Total |    794 |    794 |      0 |     11 |    653 |   1 |  794.0 |
       Dungeon |    794 |    794 |      0 |     11 |    653 |   1 |  794.0 |
               +--------+--------+--------+--------+--------+-----+--------+

Top non-repeatable levels by time:
     D:1: 794 daAuts
